 Dungeon Crawl Stone Soup version 0.20.1-1-g8b1a95d66d (webtiles) character file.

13404 hal2100 the Destroyer (level 11, -14/68 HPs)
             Began as a Demonspawn Fire Elementalist on Dec 30, 2017.
             Was an Elder of Vehumet.
             Demolished by a polar bear (28 damage)
             ... in an ice cave on Dec 31, 2017.
             The game lasted 02:11:01 (11515 turns).

hal2100 the Destroyer (DsFE)                       Turns: 11515, Time: 02:11:01

Health: -14/68     AC: 14    Str:  7    XL:     11   Next: 75%
Magic:  1/25       EV: 11    Int: 25    God:    Vehumet [****..]
Gold:   553        SH:  3    Dex: 11    Spells: 8/30 levels left

rFire    . . .     SeeInvis .   a - staff of fire
rCold    + + .     Gourm    .   V - +0 buckler (curse)
rNeg     . . .     Faith    .   F - +6 leather armour of Ledwof {rC+ rCorr}
rPois    .         Spirit   .   (helmet unavailable)
rElec    .         Reflect  .   G - +1 cloak
rCorr    +         Harm     .   (no gloves)
MR       .....                  (no boots)
Stlth    +.........             K - amulet of regeneration
Regen    0.7/turn               y - ring of ice
MPRegen  0.2/turn               u - +5 ring of intelligence

@: no status effects
A: horns 3, slimy green scales 2, clumsy 1, demonic guardian 1, spiny 1, weak 1,
evolution 1
a: Renounce Religion


You were in an ice cave.
You worshipped Vehumet.
Vehumet was greatly pleased with you.
You were not hungry.

You visited 3 branches of the dungeon, and saw 13 of its levels.
You also visited: Ice Cave.

You collected 553 gold pieces.

Inventory:

Hand Weapons
 t - a +2 whip of flaming
Armour
 F - the +6 leather armour of Ledwof (worn) {rC+ rCorr}
   (You found it on level 8 of the Dungeon)

   It protects you from cold.
   It protects you from acid and corrosion.
 G - a +1 cloak (worn)
 V - a cursed +0 buckler (worn)
Magical Staves
 a - an uncursed staff of fire (weapon)
Jewellery
 k - an uncursed ring of protection from fire
 u - a +5 ring of intelligence (right hand)
 y - a ring of ice (left hand)
 K - an amulet of regeneration (around neck)
Wands
 h - a wand of acid (6/15)
 T - a wand of flame (46/48)
Scrolls
 f - 10 scrolls of teleportation
 m - 3 scrolls of identify
 s - 3 scrolls of fog
 x - a scroll of magic mapping
 B - 4 scrolls of remove curse
Potions
 d - a potion of agility
 e - 5 potions of haste
 j - 4 potions of curing
 w - a potion of resistance
 E - 2 potions of flight
 P - a potion of magic
Books
 b - a book of Flames

   Spells                             Type                      Level
   a - Flame Tongue                   Conjuration/Fire             1
   b - Throw Flame                    Conjuration/Fire             2
   c - Conjure Flame                  Conjuration/Fire             3
   d - Inner Flame                    Hexes/Fire                   3
   e - Sticky Flame                   Conjuration/Fire             4
   f - Fireball                       Conjuration/Fire             5
 p - a book of Conjurations

   Spells                             Type                      Level
   a - Magic Dart                     Conjuration                  1
   b - Searing Ray                    Conjuration                  2
   c - Dazzling Spray                 Conjuration/Hexes            3
   d - Fulminant Prism                Conjuration/Hexes            4
   e - Force Lance                    Conjuration/Translocation    4
   f - Iskenderun's Mystic Blast      Conjuration                  4
Comestibles
 c - 5 bread rations
 q - 12 fruits
 r - 5 meat rations
 C - 4 royal jellies


   Skills:
 + Level 1.0 Maces & Flails
 + Level 1.1 Armour
 + Level 2.1 Dodging
 - Level 1.7 Stealth
 + Level 0.6 Shields
 + Level 10.2 Spellcasting
 + Level 10.8 Conjurations
 + Level 10.4 Fire Magic
 + Level 1.1 Air Magic


You had 8 spell levels left.
You knew the following spells:

 Your Spells              Type           Power        Failure   Level  Hunger
a - Flame Tongue          Conj/Fire      #####        1%          1    None
b - Conjure Flame         Conj/Fire      #######.     1%          3    None
c - Sticky Flame          Conj/Fire      #######.     1%          4    None
d - Fireball              Conj/Fire      #######...   1%          5    ####...
e - Shock                 Conj/Air       ####         1%          1    None
f - Fulminant Prism       Conj/Hex       #####.....   3%          4    None
g - Airstrike             Air            ###.......   17%         4    None


Dungeon Overview and Level Annotations

Branches:
Dungeon (10/15)            Temple (1/1) D:6            Lair (2/6) D:10
    Orc (0/2) D:9
  Swamp: Lair:2-4    Shoals: Lair:2-4     Snake: Lair:2-4    Spider: Lair:2-4

Altars:
Ashenzari
Dithmenos
Elyvilon
Fedhas
Makhleb
Nemelex Xobeh
Okawaru
Sif Muna
Trog
Vehumet
Zin
The Shining One

Shops:
D:4 [   D:5 ?*((   D:10 [

Annotations:
D:2 Natasha
D:10 Burgietje's ghost, journeyman MiFi


Innate Abilities, Weirdness & Mutations

You have a pair of large horns on your head.
You are mostly covered in slimy green scales. (AC +3)
A weak demonic guardian rushes to your aid.
You are partially covered in sharp spines.
You are clumsy. (Dex -2)
You are weak. (Str -2)
You evolve.


Message History

The polar bear misses you. The polar bear claws you.
* * * LOW HITPOINT WARNING * * *
The polar bear claws you but does no damage.
Casting: Flame Tongue
Confirm with . or Enter, or press ? or * to list all spells.
Aiming: Flame Tongue
Press: ? - help, Shift-Dir - straight line, f/p - polar bear
Aim: a polar bear (severely wounded, berserk, fast, unusually strong)
You feel a surge of power!
The flame tongue hits the polar bear.
The polar bear appears unharmed.
The polar bear is severely wounded.
The polar bear closely misses you. You block the polar bear's attack.
The polar bear claws you but does no damage.
The polar bear bites you but does no damage.
The polar bear claws you but does no damage.
You block the polar bear's attack. The polar bear barely misses you.
The polar bear claws you but does no damage. x2
The polar bear bites you!!
You die...

##..#
##...
##...
#.†.#
#..%##
##...#
##...##
##.....##
#.@.∩...#
#..h....#
##..∩..##
##...##
#####


You could see a polar bear (berserk).

Vanquished Creatures
  A two-headed ogre (D:9)
  An oklob plant (Lair:1)
  A komodo dragon (Lair:1)
  A troll (D:9)
  4 polar bears (IceCv)
  The ghost of tensugalgo the Chopper, an amateur FoFi (D:3)
  2 slime creatures (D:5)
  8 blink frogs (Lair:1)
  A hippogriff (Lair:1)
  Eustachio (D:5)
  A yak (IceCv)
  A wyvern (D:10)
  A hungry ghost (D:8)
  Menkaure (D:7)
  4 water moccasins
  A porcupine (Lair:1)
  6 orc warriors
  2 sky beasts
  A black bear (Lair:1)
  A phantom (D:10)
  9 ogres
  5 wolves
  4 centaurs
  2 crocodiles (Lair:1)
  Blork the orc (D:6)
  13 bullfrogs
  3 gnoll sergeants (D:9)
  5 big kobolds
  2 scorpions (D:9)
  3 killer bees (D:10)
  4 wights (D:8)
  2 howler monkeys
  2 crimson imps
  4 hounds
  2 gnoll shamans
  2 orc priests
  8 jellies
  9 orc wizards
  A bullfrog skeleton (D:6)
  5 iguanas
  7 worker ants
  A killer bee zombie (D:8)
  2 hound zombies
  2 hound skeletons
  2 worker ant zombies
  11 gnolls
  A howler monkey skeleton (D:7)
  12 adders
  A shadow imp (D:5)
  5 oozes
  An adder skeleton (D:4)
  5 worms
  2 dart slugs (D:1)
  6 leopard geckos
  35 orcs
  12 bats
  4 giant cockroaches
  8 goblins
  10 hobgoblins
  9 jackals
  5 quokkas
  A ball python (D:1)
  4 frilled lizards
  24 kobolds
  9 rats
305 creatures vanquished.

Vanquished Creatures (collateral kills)
  A two-headed ogre (D:10)
  Maurice (D:8)
  A hippogriff (D:7)
  2 blink frogs (Lair:1)
  A yak (IceCv)
  2 orc warriors
  2 phantoms
  2 ogres
  A big kobold (D:5)
  2 crimson imps
  A jelly (D:10)
  Natasha (D:2)
  A worker ant (D:4)
  A leopard gecko (D:3)
  2 orcs
  A ball python (D:7)
  A hobgoblin (D:3)
  A frilled lizard (D:2)
  A kobold (D:5)
25 creatures vanquished.

Vanquished Creatures (others)
  21 fulminant prisms
  3 fungi (D:5)
  6 toadstools (D:5)
30 creatures vanquished.

Grand Total: 360 creatures vanquished

Notes
Turn   | Place    | Note
-------+----------+-------------------------------------------
     0 | D:1      | hal2100 the Demonspawn Fire Elementalist began the quest for the Orb.
     0 | D:1      | Reached XP level 1. HP: 13/13 MP: 3/3
   156 | D:1      | Gained mutation: A weak demonic guardian rushes to your aid. [demonic ancestry]
   156 | D:1      | Reached XP level 2. HP: 16/19 MP: 0/5
   606 | D:1      | Gained mutation: You are partially covered in slimy green scales. (AC +2) [demonic ancestry]
   606 | D:1      | Reached XP level 3. HP: 22/24 MP: 2/6
  1130 | D:2      | Learned a level 3 spell: Conjure Flame
  1185 | D:2      | Noticed Natasha
  1195 | D:2      | Killed Natasha
  1494 | D:2      | Gained mutation: You are partially covered in sharp spines. [demonic ancestry]
  1494 | D:2      | Reached XP level 4. HP: 28/30 MP: 4/7
  1725 | D:2      | Noticed Natasha
  2023 | D:3      | Learned a level 4 spell: Sticky Flame
  2100 | D:3      | Gained mutation: You have a pair of small horns on your head. [demonic ancestry]
  2100 | D:3      | Reached XP level 5. HP: 33/35 MP: 9/9
  2195 | D:3      | Noticed tensugalgo's ghost (amateur FoFi)
  2724 | D:3      | Killed tensugalgo's ghost
  2724 | D:3      | Reached XP level 6. HP: 30/41 MP: 4/11
  3094 | D:4      | Found Xedialuweoh's Armour Shop.
  3630 | D:4      | Gained mutation: You have a pair of horns on your head. [demonic ancestry]
  3630 | D:4      | Reached XP level 7. HP: 46/46 MP: 8/13
  3933 | D:4      | Reached skill level 5 in Fire Magic
  4025 | D:5      | Entered Level 5 of the Dungeon
  4060 | D:5      | Found Hownoatwo's Weapon Shop.
  4129 | D:5      | Reached skill level 5 in Spellcasting
  4144 | D:5      | Found an iron altar of Okawaru.
  4219 | D:5      | Reached skill level 5 in Conjurations
  4320 | D:5      | Learned a level 5 spell: Fireball
  4395 | D:5      | Noticed Eustachio
  4408 | D:5      | Killed Eustachio
  4408 | D:5      | Gained mutation: You have a pair of large horns on your head. [demonic ancestry]
  4408 | D:5      | Reached XP level 8. HP: 47/52 MP: 10/15
  4451 | D:5      | Found Yckynix's General Store.
  4467 | D:5      | Found a deep blue altar of Sif Muna.
  4675 | D:5      | Noticed a slime creature
  4689 | D:5      | Killed a slime creature
  4758 | D:5      | Noticed a slime creature
  4764 | D:5      | Killed a slime creature
  4888 | D:5      | Found Urocs's Weapon Shoppe.
  5002 | D:5      | Found Kiupeeleu's Magic Scroll Emporium.
  5258 | D:6      | Found a staircase to the Ecumenical Temple.
  5270 | D:6      | Noticed Blork the orc
  5271 | Temple   | Entered the Ecumenical Temple
  5277 | Temple   | Became a worshipper of Vehumet
  5295 | D:6      | Killed Blork the orc
  5334 | D:6      | Reached XP level 9. HP: 56/57 MP: 11/18
  6192 | D:7      | Noticed Menkaure
  6206 | D:7      | Killed Menkaure
  6206 | D:7      | Reached * piety under Vehumet
  6206 | D:7      | Offered knowledge of Freeze by Vehumet.
  6383 | D:7      | Got a crystal hand axe
  6384 | D:7      | Identified the +9 hand axe "Vojusch" {antimagic, rC+ Int+6 SInv} (You found it on level 7 of the Dungeon)
  7570 | D:8      | Got a pitted leather armour
  7576 | D:8      | Identified the +6 leather armour of Ledwof {rC+ rCorr} (You found it on level 8 of the Dungeon)
  7660 | D:8      | Reached ** piety under Vehumet
  7660 | D:8      | Offered knowledge of Shock by Vehumet.
  7660 | D:8      | Gained mutation: You are mostly covered in slimy green scales. (AC +3) [demonic ancestry]
  7660 | D:8      | Reached XP level 10. HP: 62/63 MP: 16/21
  7666 | D:8      | Found a bloodstained altar of Trog.
  7670 | D:8      | Found a blossoming altar of Fedhas.
  7692 | D:8      | Found a shattered altar of Ashenzari.
  7694 | D:8      | Found a glowing silver altar of Zin.
  7704 | D:8      | Learned a level 1 spell: Shock
  7716 | D:8      | Noticed Maurice
  7766 | D:8      | Killed Maurice
  7996 | D:8      | Identified a scroll of acquirement
  8450 | D:9      | Learned a level 4 spell: Fulminant Prism
  8639 | D:9      | Found a staircase to the Orcish Mines.
  8656 | D:9      | Offered knowledge of Ignite Poison by Vehumet.
  9363 | D:10     | Entered Level 10 of the Dungeon
  9363 | D:10     | Noticed a two-headed ogre
  9365 | D:10     | Noticed Burgietje's ghost (journeyman MiFi)
  9375 | D:9      | Killed a two-headed ogre
  9470 | D:9      | Reached *** piety under Vehumet
  9560 | D:10     | Noticed a two-headed ogre
  9567 | D:10     | Killed a two-headed ogre
  9567 | D:10     | Reached XP level 11. HP: 59/68 MP: 19/24
  9637 | D:10     | Found Wakhes's Armour Shoppe.
  9853 | D:10     | Offered knowledge of Airstrike by Vehumet.
  9863 | D:10     | Learned a level 4 spell: Airstrike
  9882 | D:10     | Found a staircase to the Lair.
 10034 | D:10     | Gained mutation: You are clumsy. (Dex -2) [potion of mutation]
 10034 | D:10     | Gained mutation: You are weak. (Str -2) [potion of mutation]
 10034 | D:10     | Gained mutation: You evolve. [potion of mutation]
 10121 | Lair:1   | Entered Level 1 of the Lair of Beasts
 10121 | Lair:1   | Noticed an oklob plant
 10137 | Lair:1   | Killed an oklob plant
 10137 | Lair:1   | Reached skill level 10 in Conjurations
 10348 | Lair:1   | Reached skill level 10 in Fire Magic
 10421 | Lair:1   | Reached skill level 10 in Spellcasting
 11408 | Lair:2   | Found a frozen archway.
 11452 | IceCv    | Entered an ice cave
 11465 | IceCv    | Reached skill level 1 in Air Magic
 11470 | IceCv    | Reached **** piety under Vehumet
 11470 | IceCv    | Reached skill level 1 in Armour
 11472 | IceCv    | Reached skill level 1 in Maces & Flails
 11515 | IceCv    | Demolished by a polar bear

Skill      XL: |  1  2  3  4  5  6  7  8  9 10 11 |
---------------+----------------------------------+-----
Fire Magic     | 3 4 5 6 8 9 10 | 10.4
Conjurations   | 2 3 4 5 6 8 9 10 | 10.8
Spellcasting   | 3 4 5 6 7 9 10 | 10.2
Dodging        | 2 |  2.1
Air Magic      | 1 |  1.1
Armour         | 1 |  1.1
Maces & Flails | 1 |  1.0
Stealth        | |  1.7
Shields        | |  0.6

Action                   |  1- 3 |  4- 6 |  7- 9 | 10-12 || total
-------------------------+-------+-------+-------+-------++-------
Melee: Unarmed           |     1 |       |       |       ||     1
       Whip              |     5 |    16 |    65 |    46 ||   132
       Headbutt          |       |     1 |    10 |     2 ||    13
       Staff             |       |       |       |     4 ||     4
 Cast: Flame Tongue      |    67 |    64 |   149 |   137 ||   417
       Conjure Flame     |       |     4 |    16 |     7 ||    27
       Sticky Flame      |       |     4 |    14 |    34 ||    52
       Fireball          |       |       |    11 |    13 ||    24
       Shock             |       |       |       |     9 ||     9
       Fulminant Prism   |       |       |       |    21 ||    21
Evoke: Wand              |       |       |       |     4 ||     4
  Use: Scroll            |     1 |     2 |     5 |    11 ||    19
       Potion            |       |     4 |       |    13 ||    17
 Stab: Distracted        |       |       |       |     1 ||     1
  Eat: Chunk             |     2 |     8 |    16 |     8 ||    34
       Bread ration      |       |       |       |     2 ||     2
Armor: Robe              |     9 |    11 |    20 |       ||    40
       Leather armour    |       |       |     2 |    93 ||    95
       Skin              |       |       |     1 |       ||     1
Dodge: Dodged            |    35 |    31 |    79 |   109 ||   254
Block: Buckler           |       |       |       |    21 ||    21
